Map: Pillars of Gold LE

Players

DPGCure (Cure)

  • Race: Terran Terran
  • League: Master
  • Spawn Location: 7:00

ByuN - Winner!

  • Race: Terran Terran
  • League: Diamond
  • Spawn Location: 1:00

Event: TSL 6

VOD

Have the link to the VOD?

Description

Time

  • Played on: Dec. 12, 2020, 6:09 p.m.
  • Length: 19:17

All games in this series

Show
View Real Time Build Order
Export as new Build Order

DPGCure Terran 

Build Orders:  

Get SALT Encoding   

  12  0:00  SCV  
  13  0:12  SCV  
  14  0:17  Supply Depot  
  14  0:24  SCV  
  15  0:39  SCV  
  15  0:42  Barracks  
  16  0:46  Refinery  
  16  0:51  SCV  
  16  0:54  Refinery  
  17  1:03  SCV  
  18  1:15  SCV  
  19  1:28  Orbital Command  
  19  1:29  Supply Depot, Reaper  
  20  1:45  Factory  
  20  1:54  SCV  
  21  2:01  Reaper  
  22  2:06  SCV  
  23  2:18  SCV  
  24  2:25  Command Center  
  26  2:30  Hellion  
  26  2:33  SCV  
  26  2:36  Reaper  
  28  2:42  Supply Depot  
  28  2:45  SCV  
  31  2:51  Hellion  
  31  3:00  Starport  
  31  3:04  SCV  
  32  3:08  Barracks Tech Lab  
  32  3:15  Factory Tech Lab  
  32  3:16  SCV  
  33  3:23  Refinery  
  33  3:28  SCV  
  33  3:33  Cyclone  
  37  3:37  Barracks Reactor  
  35  3:42  Orbital Command  
  35  3:43  SCV  
  35  3:46  Supply Depot  
  35  3:55  SCV  
  32  3:56  Banshee  
  35  4:05  Cyclone  
  35  4:07  SCV  
  35  4:08  SCV  
  40  4:13  Marine x2  
  42  4:19  SCV  
  42  4:20  SCV  
  44  4:29  Command Center  
  44  4:32  SCV x2  
  46  4:39  Raven  
  46  4:40  Marine x2  
  46  4:44  SCV  
  46  4:45  SCV  
  52  4:48  Siege Tank  
  55  4:54  Supply Depot  
  55  4:56  SCV  
  55  4:57  SCV  
  55  4:58  Marine x2  
  59  5:01  Supply Depot  
  59  5:07  Refinery  
  59  5:08  SCV  
  59  5:09  SCV  
  60  5:19  Marine x2  
  60  5:20  SCV  
  60  5:21  SCV  
  63  5:22  Raven  
  63  5:28  Siege Tank  
  68  5:33  SCV x2  
  70  5:37  Marine x2  
  70  5:40  Orbital Command  
  72  5:48  SCV x2  
  73  5:52  Supply Depot  
  73  5:58  Barracks x2  
  73  6:00  SCV x2  
  73  6:01  Orbital Command  
  73  6:02  Siege Tank  
  78  6:10  Marine  
  79  6:13  Viking x2  
  83  6:18  SCV x2  
  83  6:20  Supply Depot  
  85  6:26  Supply Depot  
  85  6:28  SCV, Marine  
  85  6:30  SCV x2  
  89  6:35  Engineering Bay  
  89  6:36  Engineering Bay  
  89  6:38  Siege Tank  
  92  6:41  SCV  
  92  6:42  SCV  
  92  6:43  SCV  
  92  6:45  Marine  
  96  6:50  Viking x2  
  96  6:52  Marine  
  98  7:01  Barracks Reactor  
  95  7:03  Marine  
  95  7:08  SCV x2  
  92  7:16  SCV  
  92  7:20  SCV x2  
  92  7:25  Siege Tank  
  94  7:30  Viking x2  
  94  7:32  Barracks Tech Lab x2  
  94  7:33  Terran Infantry Armor Level 1, Terran Infantry Weapons Level 1  
  93  7:39  SCV x3  
  94  7:44  Missile Turret  
  94  7:45  Missile Turret  
  94  7:48  Missile Turret  
  94  7:51  SCV x2  
  94  7:52  Refinery x2, SCV  
  94  7:53  Sensor Tower  
  97  7:59  Marine x3  
  97  8:00  Stimpack  
  97  8:03  Combat Shield  
  100  8:07  SCV x3  
  100  8:12  Marine  
  104  8:17  Marine x3  
  104  8:19  SCV x3  
  110  8:26  Barracks  
  110  8:27  Barracks  
  110  8:30  Marine  
  110  8:31  Medivac x2  
  115  8:35  SCV  
  115  8:36  SCV  
  115  8:40  Supply Depot x2  
  117  8:42  SCV, Marine x3  
  117  8:43  Siege Tank  
  117  8:48  SCV  
  125  9:01  Marine x4  
  125  9:02  SCV x2  
  127  9:18  Liberator x2  
  127  9:19  SCV, Marine  
  127  9:20  SCV x2  
  127  9:21  Marine x2  
  141  9:26  Barracks Reactor x2  
  141  9:30  Marine  
  140  9:32  SCV  
  140  9:35  Supply Depot  
  140  9:36  Armory  
  140  9:37  Supply Depot  
  140  9:38  Supply Depot, SCV x2  
  144  9:39  Marine x2  
  144  9:41  Command Center  
  144  9:44  SCV  
  147  9:50  SCV x2  
  148  9:56  SCV  
  148  9:57  Marine x2  
  151  10:01  Barracks Reactor  
  151  10:02  SCV x2  
  153  10:08  SCV  
  153  10:10  Barracks Reactor  
  153  10:12  Refinery, Marine x4  
  158  10:15  Marine x2  
  158  10:17  Medivac x2, Siege Tank  
  167  10:23  Terran Infantry Armor Level 2, Terran Infantry Weapons Level 2  
  167  10:26  Terran Vehicle Weapons Level 1  
  167  10:30  Marine x2  
  167  10:32  Marine  
  167  10:34  Factory  
  170  10:38  Supply Depot, Marine x2  
  170  10:40  Supply Depot  
  172  10:47  Marine  
  173  10:52  Marine x3  
  173  10:53  Siege Tank  
  182  11:04  Marine x6  
  185  11:12  Medivac x2  
  185  11:18  Marine x4  
  186  11:20  Siege Tank  
  186  11:25  Siege Tank  
  189  11:26  SCV x3  
  153  11:50  Marine x6  
  159  11:54  Siege Tank  
  159  11:55  Marine x2  
  159  11:56  Marine x2  
  159  11:57  Siege Tank  
  168  12:08  Marine x3  
  171  12:12  Liberator  
  172  12:18  Supply Depot  
  172  12:19  Supply Depot x2  
  172  12:22  Supply Depot  
  171  12:27  Terran Vehicle Weapons Level 2  
  171  12:39  Liberator  
  171  12:40  Siege Tank x2  
  171  12:42  Supply Depot  
  180  12:54  Marine x2  
  180  12:55  Marine x6  
  165  13:17  Siege Tank  
  165  13:20  Marine x8  
  173  13:34  Marine x2  
  173  13:38  Marine x4  
  179  13:52  Command Center  
  179  13:56  Viking x2  
  183  14:04  Marine x4  
  184  14:23  Marine x4  
  184  14:27  Siege Tank  
  184  14:30  Marine x6  
  191  14:40  Marine  
  177  15:13  Marine x4  
  163  15:37  Marine x2  
  163  15:38  Marine x2  
  153  15:54  Marine x2  
  153  15:55  Marine x2  
  151  15:59  Marine x6  
  151  16:00  Medivac, Siege Tank x2  
  159  16:15  Marine x4  
  159  16:17  Marine x4  
  160  16:29  Marine x2  
  133  16:33  Marine x4  
  137  16:41  Marine  
  137  16:46  Orbital Command  
  138  16:49  Orbital Command  
  89  17:26  Marine x6  
  92  17:31  Marine  
  86  17:50  Marine x6  
  75  17:59  Marine x4  
  75  18:17  Marine x3  
Show
View Real Time Build Order
Export as new Build Order

ByuN Terran - Winner!

Build Orders:  

Get SALT Encoding   

  12  0:00  SCV  
  13  0:12  SCV  
  14  0:17  Supply Depot  
  14  0:24  SCV  
  15  0:39  SCV  
  15  0:40  Barracks  
  16  0:44  Refinery  
  16  0:51  SCV  
  16  0:55  Refinery  
  17  1:03  SCV  
  18  1:15  SCV  
  19  1:27  Orbital Command, Reaper  
  19  1:30  Supply Depot  
  20  1:46  Factory  
  20  1:52  SCV  
  21  1:59  Reaper  
  22  2:04  SCV  
  23  2:17  SCV  
  24  2:25  Command Center  
  24  2:29  SCV  
  25  2:31  Hellion  
  25  2:34  Reaper  
  28  2:40  Supply Depot  
  28  2:43  SCV  
  29  2:53  Hellion  
  31  3:00  Starport  
  31  3:01  SCV  
  32  3:06  Barracks Tech Lab  
  32  3:13  SCV  
  32  3:16  Factory Tech Lab  
  33  3:20  Refinery  
  33  3:26  SCV  
  34  3:33  Barracks Reactor  
  34  3:38  SCV  
  38  3:41  Cyclone  
  38  3:43  Orbital Command  
  36  3:50  SCV  
  36  3:54  Banshee  
  39  4:02  SCV  
  40  4:06  Barracks  
  40  4:10  SCV  
  40  4:11  Marine  
  40  4:12  Marine  
  40  4:13  Siege Tank  
  46  4:18  SCV  
  46  4:20  Supply Depot  
  46  4:22  SCV  
  48  4:30  SCV  
  49  4:31  Marine  
  49  4:32  Marine  
  49  4:34  Supply Depot, SCV  
  52  4:39  Raven  
  52  4:42  SCV  
  55  4:46  SCV  
  56  4:54  SCV  
  56  4:57  Factory Reactor, Marine x2  
  56  4:58  SCV  
  56  4:59  Marine  
  60  5:00  Supply Depot, Stimpack  
  60  5:06  SCV  
  62  5:10  SCV  
  63  5:15  Marine x2  
  63  5:17  Marine  
  63  5:18  SCV  
  64  5:22  SCV  
  64  5:23  Supply Depot  
  65  5:30  SCV  
  65  5:32  Marine  
  65  5:33  Marine  
  65  5:34  SCV  
  65  5:35  Marine  
  69  5:39  Medivac x2, Siege Tank  
  77  5:46  Supply Depot  
  77  5:48  Command Center  
  73  5:52  Marine x2  
  73  5:53  Marine  
  73  5:55  SCV x2  
  78  6:05  Refinery  
  78  6:08  Supply Depot  
  78  6:09  Marine x2  
  78  6:11  Marine  
  81  6:14  Engineering Bay  
  81  6:15  Engineering Bay  
  81  6:17  Barracks, SCV x2  
  83  6:20  Starport Reactor  
  83  6:21  Siege Tank  
  86  6:29  SCV x2  
  86  6:31  Marine x2, Reaper  
  91  6:41  Supply Depot, SCV x2  
  90  6:49  Supply Depot, Marine  
  90  6:52  Marine  
  90  6:53  SCV x2  
  93  7:03  Marine  
  93  7:05  SCV x2  
  94  7:09  Marine x3  
  94  7:12  Siege Tank  
  94  7:13  Medivac  
  94  7:14  Medivac, Marine  
  94  7:15  Combat Shield  
  101  7:17  SCV x2  
  101  7:22  Orbital Command  
  92  7:24  Marine  
  92  7:27  Marine x2  
  92  7:29  SCV x2  
  92  7:39  Marine x2  
  92  7:41  SCV  
  92  7:42  SCV, Marine  
  91  7:44  Marine  
  91  7:45  Marine  
  91  7:47  Barracks  
  91  7:48  SCV  
  94  7:52  Barracks  
  94  7:54  Siege Tank, SCV x2  
  94  7:55  Medivac x2  
  103  8:00  SCV  
  103  8:03  Terran Infantry Weapons Level 1  
  103  8:04  Refinery  
  104  8:06  SCV  
  104  8:07  Terran Infantry Armor Level 1, Armory  
  104  8:10  SCV  
  104  8:12  SCV, Refinery  
  107  8:15  Marine x5  
  107  8:18  SCV  
  113  8:22  SCV  
  113  8:25  SCV  
  117  8:30  SCV  
  117  8:33  Marine x3  
  121  8:38  Marine x2  
  121  8:40  Barracks Reactor x2  
  120  8:41  Supply Depot  
  120  8:43  Supply Depot  
  120  8:44  SCV x3  
  120  8:48  Siege Tank  
  126  8:50  Medivac  
  126  8:51  Marine  
  126  8:52  Medivac  
  126  8:53  Marine x2  
  131  8:56  Marine x2  
  131  9:00  Supply Depot x2  
  133  9:09  Marine  
  134  9:10  Supply Depot  
  134  9:11  Marine x2  
  134  9:14  Marine  
  134  9:16  Marine x2  
  140  9:17  Marine  
  140  9:19  Marine  
  140  9:20  Siege Tank  
  140  9:21  Medivac  
  140  9:22  Medivac  
  148  9:25  SCV x2  
  148  9:26  Marine  
  148  9:27  Factory  
  148  9:29  Marine x2  
  149  9:31  Marine  
  149  9:32  Barracks Reactor  
  149  9:34  Marine x2  
  149  9:35  Marine  
  149  9:37  Marine  
  154  9:42  Sensor Tower  
  154  9:44  Marine  
  155  9:47  Marine x2  
  155  9:49  Marine  
  155  9:51  Command Center  
  155  9:52  Marine x2  
  160  9:53  Marine  
  160  9:54  Terran Vehicle Weapons Level 1  
  160  9:55  Marine  
  161  10:02  Terran Infantry Armor Level 2  
  161  10:03  Terran Infantry Weapons Level 2  
  161  10:08  Marine  
  161  10:09  Marine  
  161  10:10  Marine x2  
  161  10:11  Marine x2  
  161  10:13  Siege Tank  
  167  10:16  Medivac, Marine x2  
  167  10:17  Marine x2  
  167  10:26  Marine  
  168  10:31  Marine x5  
  173  10:39  Siege Tank, Marine x4  
  173  10:40  SCV  
  181  10:47  Supply Depot  
  181  10:49  Marine x3  
  186  10:50  SCV x2, Marine x3  
  186  10:51  Missile Turret  
  189  11:02  Marine  
  190  11:04  Siege Tank  
  190  11:05  Marine  
  190  11:06  Marine x2  
  190  11:07  Marine x3  
  190  11:08  Marine x2  
  194  11:26  Siege Tank  
  194  11:27  Marine x2  
  194  11:31  Marine  
  192  11:33  Marine  
  192  11:36  Siege Tank  
  192  11:38  Marine x2  
  192  11:39  Marine  
  187  11:40  Marine  
  183  11:48  Medivac x2  
  183  11:49  Planetary Fortress  
  183  11:51  Missile Turret  
  183  11:52  Marine  
  183  11:53  Marine  
  185  11:57  Sensor Tower, Marine x3  
  185  11:58  Siege Tank  
  191  12:01  Marine  
  191  12:03  SCV x2  
  191  12:04  SCV  
  194  12:08  Siege Tank  
  194  12:09  Terran Vehicle Weapons Level 2  
  193  12:16  Marine  
  193  12:18  Marine x2  
  193  12:22  Marine x4  
  197  12:26  Command Center  
  200  12:30  Barracks x3  
  200  12:39  Siege Tank  
  200  12:51  Siege Tank  
  200  12:52  Marine  
  200  12:53  Marine x3  
  200  12:55  Marine x3  
  200  12:58  Marine x3  
  191  13:10  Marine  
  191  13:11  Siege Tank, Marine x3  
  186  13:13  Marine x3  
  186  13:16  Marine x3  
  189  13:23  Siege Tank  
  189  13:25  Barracks Reactor x3  
  191  13:28  Medivac x2, Marine x4  
  191  13:31  Marine x2  
  191  13:33  Marine  
  200  13:36  Marine  
  200  13:38  Marine x2  
  198  13:55  Siege Tank  
  198  13:58  Marine  
  198  13:59  Marine  
  198  14:00  Terran Infantry Weapons Level 3, Terran Infantry Armor Level 3  
  200  14:08  Siege Tank  
  200  14:12  Missile Turret  
  200  14:13  Missile Turret  
  198  14:19  Command Center x2, Marine  
  198  14:20  Marine x4  
  200  14:25  Marine x3  
  200  14:33  Missile Turret x2  
  191  14:46  Marine x2  
  191  14:47  Marine x2  
  191  14:48  Siege Tank  
  191  14:50  Siege Tank  
  196  14:55  Marine  
  196  14:56  Marine x3  
  192  15:03  Viking  
  192  15:04  Viking  
  152  15:17  Marine x6  
  152  15:18  Marine x6  
  152  15:19  Marine  
  152  15:20  Siege Tank  
  143  15:21  Marine  
  143  15:25  Siege Tank  
  140  15:31  Marine x2  
  140  15:33  Medivac  
  140  15:34  Medivac  
  140  15:35  Marine x6  
  136  15:36  Marine  
  136  15:37  Marine x3  
  136  15:39  Marine  
  136  15:42  Marine x3  
  125  15:43  Orbital Command  
  125  15:49  Marine  
  125  15:59  Marine  
  125  16:00  Marine x7  
  125  16:04  Marine  
  129  16:10  Marine  
  126  16:12  Marine  
  126  16:15  Siege Tank, Marine  
  126  16:16  Marine x4  
  126  16:17  Marine  
  129  16:24  Marine  
  119  16:26  Marine  
  119  16:27  Marine  
  119  16:30  Marine  
  119  16:31  Orbital Command  
  100  16:33  Marine  
  100  16:34  Marine  
  100  16:35  Marine  
  100  16:36  Marine x3  
  100  16:37  Marine x2  
  109  16:41  Viking  
  109  16:42  Marine  
  109  16:44  Marine  
  111  16:51  Viking  
  113  16:58  Siege Tank  
  116  17:02  Marine  
  116  17:06  Marine  
  118  17:12  Marine  
  118  17:13  Orbital Command  
  118  17:14  Marine  
  120  17:16  Marine  
  120  17:17  Marine  
  120  17:19  Marine  
  120  17:21  Marine  
  97  17:23  Marine  
  97  17:26  Marine  
  97  17:28  Marine  
  96  17:31  Orbital Command  
  96  17:34  Marine x3  
  96  17:37  Marine  
  97  17:42  Medivac  
  100  17:47  Orbital Command  
  100  17:48  Marine x4  
  99  18:01  Marine  
  99  18:02  Marine  
  99  18:04  Marine  
  99  18:05  Marine x2  
  102  18:09  Marine  
  102  18:10  Marine  
  103  18:15  Marine x2  
  103  18:19  Marine  
  90  18:21  Marine  
  90  18:22  Marine  
  90  18:26  Marine x2  
  90  18:27  Marine  
  89  18:31  Marine  
  91  18:38  Marine x4  
  95  18:44  Marine x2  
  95  18:48  Marine x5  
  96  18:49  Marine  
  96  18:51  Factory Tech Lab  
Tags
 
Event
TSL 6
Matchup
TvT
Player
ByuNCure
Race
Terran
Spawn Locations
Cross Positions
Add a new tag
Caveats
  • Supply blocks, unpowered buildings, or Contaminate may cause inaccurate times.
  • Supply counts are checked every 10 seconds.